 Dungeon Crawl Stone Soup version 0.19-a0-1886-gd64a0f0 (webtiles) character file.

287 Alarkh the Magician (level 6, -4/44 HPs)
             Began as a Mummy Skald on Oct 15, 2016.
             Slain by a worker ant (6 damage)
             ... on level 3 of the Dungeon.
             The game lasted 00:04:40 (3569 turns).

Alarkh the Magician (Mummy Skald)                   Turns: 3569, Time: 00:04:40

Health: -4/44      AC:  7    Str: 16    XL:     6   Next: 8%
Magic:  3/11       EV: 11    Int: 13    God:
Gold:   147        SH:  3    Dex: 11    Spells: 3 memorised, 6 levels left

rFire  x . .     SeeInvis .     a - +1 spear
rCold  + . .     Gourm    .     b - +0 leather armour
rNeg   + + +     Faith    .     (no shield)
rPois  ∞         Spirit   .     d - +0 helmet (curse)
rElec  .         Dismiss  .     (no cloak)
rCorr  .         Reflect  +     n - +0 pair of gloves
MR     .....     Harm     .     f - +0 pair of boots
Stlth  +.........               k - +3 amulet of reflection
                                (no ring)
                                j - +1 ring of protection

@: very slightly contaminated
A: no food or potions, fire vulnerability, cold resistance 1, negative energy
resistance 3, torment resistance, unbreathing
a: no special abilities


You were on level 3 of the Dungeon.
You were not hungry.

You visited 1 branch of the dungeon, and saw 4 of its levels.

You collected 147 gold pieces.

Inventory:

Hand Weapons
 a - a +1 spear (weapon)
Armour
 b - a +0 leather armour (worn)
 d - a cursed +0 helmet (worn)
 f - a +0 pair of boots (worn)
 n - a +0 pair of gloves (worn)
Magical Staves
 i - an uncursed staff of air
Jewellery
 j - a +1 ring of protection (left hand)
 k - a +3 amulet of reflection (around neck)
 r - an uncursed amulet of guardian spirit
Wands
 o - a wand of teleportation (6/9)
Scrolls
 e - a scroll of identify
 g - 4 scrolls of remove curse
 h - a scroll of enchant armour
 l - a scroll of enchant weapon
 m - a scroll of amnesia {unknown}
 p - a scroll of immolation {unknown}
 q - a scroll of random uselessness {unknown}
Books
 c - a book of Battle

   Spells                             Type                      Level
   a - Infusion                       Charms                       1
   b - Shroud of Golubria             Charms/Translocation         2
   c - Song of Slaying                Charms                       2
   d - Spectral Weapon                Hexes/Charms                 3
   e - Regeneration                   Charms/Necromancy            3


   Skills:
 - Level 2.0 Fighting
 + Level 3.2 Polearms
 - Level 0.7 Armour
 - Level 0.7 Dodging
 + Level 3.8 Spellcasting
 + Level 3.8 Charms


You had 6 spell levels left.
You knew the following spells:

 Your Spells              Type           Power        Failure   Level  Hunger
a - Infusion              Chrm           ##..         8%          1    N/A
b - Shroud of Golubria    Chrm/Tloc      #.........   21%         2    N/A
c - Spectral Weapon       Hex/Chrm       #.......     38%         3    N/A

Dungeon Overview and Level Annotations

Branches:
Dungeon (4/15)
 Temple: D:4-7

Altars:


Innate Abilities, Weirdness & Mutations

You do not eat or drink.
Your flesh is vulnerable to fire.
You are immune to poison.
Your flesh is cold resistant. (rC+)
You are immune to negative energy. (rN+++)
You are immune to unholy pain and torment.
You can survive without breathing.


Message History

You are very lightly contaminated with residual magic.
Waves of light ripple over your body. The worker ant closely misses you.
Casting: Spectral Weapon
Confirm with . or Enter, or press ? or * to list all spells.
You miscast Spectral Weapon.
You feel off-balance for a moment. The worker ant closely misses you.
Casting: Spectral Weapon
Confirm with . or Enter, or press ? or * to list all spells.
You don't have enough magic to cast that spell.
Your shroud bends the worker ant's attack away.
The worker ant bites you.
* * * LOW HITPOINT WARNING * * *
Items here: ( ) [ † a ring mail; 3 tomahawks of returning; a mace; an orc corpse
As you read the scroll labeled PAUFIOLE ATYR, it crumbles to dust.
It is a scroll of enchant weapon.
Your +0 spear glows red for a moment.
Your shroud begins to fray at the edges.
The worker ant bites you.
You die...

####### ......#
#####.### #...#
###.# #.# #.#
#######.############
................@a>#
#######.##########.#
#######.#### #.#
.....##.#..# #.#
.....##.#..# #.#
.....##.#..#
#.#######
.....##.#..#
#.......#
.....##.#..#
#######.#
........#..# #.#


You could see a worker ant.

Vanquished Creatures
  A howler monkey (D:4)
  A jelly (D:3)
  2 orc wizards (D:3)
  Natasha (thrice) (D:2)
  An adder (D:2)
  An ooze (D:1)
  3 worms
  2 leopard geckos
  8 orcs (D:3)
  3 goblins
  7 hobgoblins
  3 jackals (D:1)
  7 kobolds
  2 ball pythons
  9 bats
  8 frilled lizards
  8 rats
69 creatures vanquished.

Notes
Turn   | Place    | Note
-------+----------+-------------------------------------------
     0 | D:1      | Alarkh the Mummy Skald began the quest for the Orb.
     0 | D:1      | Reached XP level 1. HP: 16/16 MP: 3/3
   350 | D:1      | Reached XP level 2. HP: 10/22 MP: 0/5
  1164 | D:2      | Noticed Natasha
  1172 | D:2      | Killed Natasha
  1172 | D:2      | Reached XP level 3. HP: 24/27 MP: 2/7
  1176 | D:2      | Learned a level 2 spell: Shroud of Golubria
  1180 | D:2      | Learned a level 3 spell: Spectral Weapon
  1217 | D:2      | Noticed Natasha
  1225 | D:2      | Killed Natasha
  1225 | D:2      | Reached XP level 4. HP: 14/33 MP: 3/8
  1921 | D:2      | Noticed Natasha
  1928 | D:2      | Killed Natasha
  2275 | D:3      | Reached XP level 5. HP: 25/38 MP: 5/10
  3546 | D:4      | Reached XP level 6. HP: 37/44 MP: 8/11
  3567 | D:3      | HP: 1/44 [worker ant (4)]
  3569 | D:3      | Slain by a worker ant

Vault maps used:
D:1:      mrwooster_arrival_statue_3, minmay_door_square
D:2:      uniq_natasha
D:3:      nrook_mini_vaults
D:4:      first_bread

Skill      XL: |  1  2  3  4  5 |
---------------+----------------+-----
Polearms       | 2 3 |  3.2
Spellcasting   | 3 |  3.8
Charms         | 3 |  3.8
Fighting       | |  2.0
Armour         | |  0.7
Dodging        | |  0.7

Action                   |  1- 3 |  4- 6 || total
-------------------------+-------+-------++-------
Melee: Spear             |    67 |   229 ||   296
 Cast: Infusion          |    11 |    14 ||    25
       Spectral Weapon   |       |     6 ||     6
       Shroud of Golubri |       |     3 ||     3
  Use: Scroll            |     1 |     5 ||     6
 Stab: Sleeping          |       |     1 ||     1
Armor: Leather armour    |    12 |    53 ||    65
Dodge: Dodged            |    32 |    95 ||   127
Block: Other             |       |    22 ||    22
       Reflection        |       |     2 ||     2
